 Dungeon Crawl Stone Soup version bcrawl-1.28.2 (webtiles) character file.

Game seed: 14694445772145105872

150421 zikan the Ducker (level 5, -6/42 HPs)
             Began as a Hill Orc Archaeologist on Dec 15, 2020.
             Was an Initiate of Beogh.
             Splashed by a jelly's acid (11 damage)
             ... on level 3 of the Dungeon.
             The game lasted 00:03:41 (1934 turns).

zikan the Ducker (Hill Orc Archaeologist)           Turns: 1934, Time: 00:03:42

Health: -6/42      AC:  1    Str: 15    XL:     5   Next: 5%
Magic:  5/5        EV:  5    Int: 14    God:    Beogh [......]
Gold:   158        SH:  5    Dex:  9    Spells: 4/4 levels left

rFire    . . .     SeeInvis .   o - +2 dagger (venom)
rCold    . . .     Gourm    +   n - +2 buckler
rNeg     . . .     Faith    .   c - +0 chain mail
rPois    .         Spirit   .   d - +2 hat
rElec    .         Reflect  .   (no cloak)
rCorr    .         Harm     .   (no gloves)
MR       .....                  i - +1 pair of boots
Stlth    ..........             s - amulet of the gourmand
HPRegen  0.14/turn              (no ring)
MPRegen  0.09/turn              (no ring)

@: corroded
A: no striking features
a: Renounce Religion


You were on level 3 of the Dungeon.
You worshipped Beogh.
Beogh was noncommittal.
You were hungry.

You visited 1 branch of the dungeon, and saw 3 of its levels.

You collected 158 gold pieces.

Inventory:

Hand Weapons
 b - a +1 blowgun
 o - a +2 dagger of venom (weapon)
Missiles
 a - 119 poisoned needles
 f - 6 curare-tipped needles
 p - 129 poisoned tomahawks (quivered)
Armour
 c - a +0 chain mail (worn)
 d - a +2 hat (worn)
 i - a +1 pair of boots (worn)
 n - a +2 buckler (worn)
Jewellery
 s - an amulet of the gourmand (around neck)
Scrolls
 g - a scroll of magic mapping
 h - a scroll of acquirement
 j - a scroll of teleportation
 t - a scroll of noise {unknown}
Potions
 k - 2 potions of lignification
 l - 2 potions of mutation
 m - a potion of magic
 q - a potion of heal wounds {unknown}
Comestibles
 e - 5 rations {!d}


   Skills:
 + Level 2.6 Fighting
   Level 2.6 Short Blades
   Level 2.6 Long Blades
   Level 2.6 Axes
   Level 2.6 Maces & Flails
   Level 2.6 Polearms
   Level 2.6 Staves
 + Level 2.7 Armour
 + Level 3.3 Dodging
 - Level 2.6 Stealth
   Level 2.6 Unarmed Combat


You had 4 spell levels left.
You didn't know any spells.
Your spell library was empty.

Dungeon Overview and Level Annotations

Branches:
Dungeon (3/12)

Altars:
Nemelex Xobeh


Message History

You are too injured to fight recklessly!
You are too injured to fight recklessly!
You are too injured to fight recklessly!
You are too injured to fight recklessly!
You are too injured to fight recklessly!
You hit the jelly. The acid corrodes you!
Your hands burn!
The jelly is almost dead.
The jelly hits you. The acid corrodes you!
You are splashed with acid!
* * * LOW HITPOINT WARNING * * *
You see here a jackal corpse.
Throwing (i - inventory)
p - 130 poisoned tomahawks (quivered)
Press: ? - help, Shift-Dir - straight line, f - jelly
Aim: a jelly (almost dead)
You throw a poisoned tomahawk.
The poisoned tomahawk hits the jelly but does no damage.
The jelly is almost dead.
The jelly hits you.
* * * LOW HITPOINT WARNING * * *
You are splashed with acid!
You die...

## #.. #... ....
#..####### #..)J@..[#
##########.#####.#
.......... #.#
##........#######.####
#.........#.....(..[.#
#.........##.####.##.#
#.................# .#
#.........####.#### .#
#..............# .#


You could see a jelly.

Vanquished Creatures
  A hound (D:2)
  A centaur skeleton (D:3)
  An adder (D:3)
  2 worms
  A dart slug (D:2)
  3 leopard geckos
  An orc (D:3)
  A ball python (D:1)
  3 giant cockroaches
  6 goblins
  5 hobgoblins
  A jackal (D:3)
  2 quokkas (D:2)
  3 bats
  4 frilled lizards
  4 kobolds
  2 rats (D:2)
41 creatures vanquished.

Vanquished Creatures (others)
  An orc priest (D:3)
  An orc (D:3)
2 creatures vanquished.

Grand Total: 43 creatures vanquished

Notes
Turn   | Place    | Note
-------+----------+-------------------------------------------
     0 | D:1      | zikan the Hill Orc Archaeologist began the quest for the
                  | Orb.
     0 | D:1      | Reached XP level 1. HP: 16/16 MP: 1/1
   171 | D:1      | Reached XP level 2. HP: 24/24 MP: 2/2
   204 | D:1      | Reached skill level 1 in Armour
   729 | D:2      | Reached XP level 3. HP: 29/29 MP: 3/3
  1052 | D:2      | Found a sparkling altar of Nemelex Xobeh.
  1111 | D:2      | Reached skill level 3 in Dodging
  1111 | D:2      | Reached XP level 4. HP: 26/37 MP: 4/4
  1880 | D:3      | Became a worshipper of Beogh the Brigand
  1920 | D:3      | Reached XP level 5. HP: 42/42 MP: 5/5
  1920 | D:3      | Identified a scroll of acquirement
  1934 | D:3      | Splashed by a jelly's acid

Skill      XL: |  1  2  3 |
---------------+----------+-----
Armour         | 1 2 |  2.7
Fighting       | 2 |  2.6
Dodging        | 3 |  3.3
Short Blades   | |  2.6
Long Blades    | |  2.6
Axes           | |  2.6
Maces & Flails | |  2.6
Polearms       | |  2.6
Staves         | |  2.6
Stealth        | |  2.6
Unarmed Combat | |  2.6

Action                   |  1- 3 |  4- 6 || total
-------------------------+-------+-------++-------
Melee: Falchion          |    19 |       ||    19
       Whip              |     9 |       ||     9
       Dagger            |    42 |    63 ||   105
Throw: Tomahawk          |       |     1 ||     1
Invok: Convert to Beogh  |       |     1 ||     1
  Use: Scroll            |     3 |     6 ||     9
 Stab: Sleeping          |     3 |     1 ||     4
  Eat: Chunk             |     2 |     3 ||     5
Armor: Robe              |    22 |     7 ||    29
       Chain mail        |       |    14 ||    14
       Leather armour    |       |     8 ||     8
Dodge: Dodged            |    36 |    12 ||    48
Block: Buckler           |     1 |    11 ||    12
